Winnipeg Jets vs Calgary Flames
(R1)
Created - Tuesday, December 19, 2023 at 07:37
Goals
|
| Winnipeg Jets |
0 |
4 |
1 |
5 |
| Calgary Flames |
1 |
2 |
1 |
4 |
|
Shots
|
| Winnipeg Jets |
4 |
14 |
6 |
24 |
| Calgary Flames |
8 |
20 |
11 |
39 |
|
1st period
1. Calgary Flames , Sebastian Aho 39 (Rasmus Andersson 18, Joel Eriksson Ek 20) at 10:54
Penalties :
Matthew Tkachuk (CGY) for Fighting (Major) at 0:15, Nick Suzuki (WPG) for Fighting (Major) at 0:15, Kris Letang (CGY) for Roughing (Minor) at 5:30, Joel Eriksson Ek (CGY) for Hooking (Minor) at 12:03, Drew Doughty (CGY) for Hooking (Minor) at 14:37, Barclay Goodrow (WPG) for Holding (Minor) at 19:29
2nd period
2. Calgary Flames , Timo Meier 36 (Zach Hyman 47, Jeff Petry 29) at 0:16 (PP)
3. Winnipeg Jets , Matthew Beniers 16 (Jordan Harris 3, Kaapo Kakko 32) at 1:04 (PP)
4. Winnipeg Jets , Nathan Beaulieu 1 (Alex DeBrincat 44, Nick Suzuki 44) at 2:25 (PP)
5. Winnipeg Jets , Kaapo Kakko 21 (Lucas Raymond 25) at 3:41
6. Calgary Flames , Joel Eriksson Ek 20 (Mathieu Joseph 12) at 5:25 (SH)
7. Winnipeg Jets , Alex DeBrincat 35 (Lucas Raymond 26, Nick Suzuki 45) at 6:23 (PP)
Penalties :
Logan Couture (CGY) for Holding (Minor) at 0:40, J.T. Miller (CGY) for Cross-checking (Minor) at 2:09, Sebastian Aho (CGY) for Holding (Minor) at 4:37, Matthew Tkachuk (CGY) for Interference (Minor) at 12:36, Nic Dowd (CGY) for High sticking (Minor) at 19:33
3rd period
8. Winnipeg Jets , Dylan Samberg 3 (Nick Suzuki 46, Alex DeBrincat 45) at 4:35 (PP)
9. Calgary Flames , Timo Meier 37 (Logan Couture 30, Jeff Petry 30) at 17:26
Penalties :
Andrew Cogliano (WPG) for Slashing (Minor) at 2:08, Matthew Tkachuk (CGY) for High sticking (Minor) at 2:36, Jordan Harris (WPG) for Hooking (Minor) at 6:24, Mathieu Joseph (CGY) for Hooking (Minor) at 8:58, Yegor Sharangovich (WPG) for Tripping (Minor) at 11:54
Goalie Stats
Ukko-Pekka Luukkonen (WPG), 35 saves from 39 shots - (0.897), W, 1-1-0, 60:00 minutes
Samuel Montembeault (CGY), 19 saves from 24 shots - (0.792), L, 29-19-6, 59:08 minutes
Players Stats for Winnipeg Jets
Player Name G A P +/- PIM S H SB GA TA FO MP PP MP PK MP
------------------------------------------------------------------------------------
Alex DeBrincat 1 2 3 0 0 6 3 1 0 0 0/2 21:18 7:27 2:27
Andrew Cogliano 0 0 0 0 2 2 0 0 0 0 0/0 11:28 0:59 0:00
Barclay Goodrow 0 0 0 -1 2 0 0 2 0 0 2/2 17:21 7:16 0:00
Calen Addison 0 0 0 0 0 0 1 0 0 0 0/0 10:52 0:00 0:00
Dante Fabbro 0 0 0 -1 0 0 0 2 0 1 0/0 27:02 7:18 3:27
Dylan Samberg 1 0 1 -1 0 1 1 3 0 0 0/0 22:06 7:30 1:46
Joel Armia 0 0 0 0 0 2 0 0 0 0 0/2 10:37 0:00 0:19
Jordan Harris 0 1 1 -1 2 0 4 4 0 2 0/0 21:30 7:30 1:10
Kaapo Kakko 1 1 2 -1 0 2 1 0 1 0 1/2 17:22 7:16 0:00
Klim Kostin 0 0 0 -1 0 1 2 0 0 0 0/0 7:32 0:00 0:00
Lucas Raymond 0 2 2 0 0 1 1 0 0 0 0/3 20:45 6:36 2:40
Matthew Beniers 1 0 1 -1 0 4 2 1 1 0 10/21 20:35 6:56 2:27
Nathan Beaulieu 1 0 1 -1 0 1 1 2 0 1 0/0 26:41 7:18 2:52
Nick Suzuki 0 3 3 0 5 2 1 0 0 0 7/18 19:32 7:27 2:27
Pius Suter 0 0 0 -1 0 1 1 0 1 0 5/7 7:57 0:00 0:06
Sam Steel 0 0 0 -1 0 0 1 0 0 0 0/0 7:32 0:00 0:00
Ty Smith 0 0 0 0 0 0 0 0 0 0 0/0 11:49 0:00 1:11
Yegor Sharangovich 0 0 0 0 2 1 0 0 0 0 3/8 11:12 0:27 0:00
Players Stats for Calgary Flames
Player Name G A P +/- PIM S H SB GA TA FO MP PP MP PK MP
------------------------------------------------------------------------------------
Drew Doughty 0 0 0 0 2 3 1 1 0 0 0/0 21:31 2:38 4:41
J.T. Miller 0 0 0 0 2 4 1 1 0 0 13/16 14:23 2:34 0:00
Jacob Peterson 0 0 0 0 0 0 0 0 0 0 0/0 5:44 0:00 0:00
Jeff Petry 0 2 2 2 0 3 1 1 0 1 0/0 26:24 2:35 9:24
Jeremy Lauzon 0 0 0 0 0 1 1 0 0 0 0/0 12:19 0:00 0:15
Joel Eriksson Ek 1 1 2 1 2 1 1 0 0 0 5/8 17:12 0:11 5:47
Kris Letang 0 0 0 0 2 2 3 0 0 0 0/0 21:06 2:38 4:54
Logan Couture 0 1 1 1 2 5 1 0 1 0 9/13 11:10 0:00 0:00
Mathieu Joseph 0 1 1 0 2 3 2 0 2 0 0/0 13:29 0:11 6:45
Matthew Tkachuk 0 0 0 0 9 1 2 0 0 0 0/1 13:45 2:33 1:12
Michael Anderson 0 0 0 1 0 1 0 3 0 0 0/0 21:19 0:00 9:18
Nic Dowd 0 0 0 0 2 2 2 0 0 0 8/14 14:09 0:30 6:21
Rafael Harvey-Pinard 0 0 0 2 0 1 0 0 0 0 0/1 17:58 0:19 6:53
Rasmus Andersson 0 1 1 1 0 0 0 1 0 0 0/0 17:32 2:35 1:04
Sebastian Aho 1 0 1 0 2 5 0 0 1 1 2/11 17:16 2:09 2:23
Timo Meier 2 0 2 1 0 5 1 0 0 0 0/0 13:00 2:28 0:00
Valeri Nichushkin 0 0 0 0 0 2 0 0 0 0 0/1 13:09 2:34 0:15
Zach Hyman 0 1 1 0 0 0 1 0 0 1 0/0 12:04 2:09 0:00
3 Stars
1 - Alex DeBrincat (WPG)
2 - Timo Meier (CGY)
3 - Jeff Petry (CGY)
Power Play
Winnipeg Jets - 4 on 10 Attempt(s) - 40.00%
Calgary Flames - 1 on 4 Attempt(s) - 25.00%
Penalty Kill
Winnipeg Jets - 3 on 4 Attempt(s) - 75.00%
- Score 0 goal in Penalty Kill
Calgary Flames - 6 on 10 Attempt(s) - 60.00%
- Score 1 goal in Penalty Kill
Team Stat
Winnipeg Jets - Hits : 19 - Faceoff Wins : 28 - Blocked Shots : 15 - Penalty Minutes : 13
Calgary Flames - Hits : 17 - Faceoff Wins : 37 - Blocked Shots : 7 - Penalty Minutes : 25
Official
Referees : Brad Meier and Dennis LaRue
Linesman : Andy McElman and Kiel Murchison
Game Notes
Matthew Tkachuk beats up Nick Suzuki at 0:15 of 1st period
Finance
Level 1 -- Attendance: 4623 (77.05%) -- Ticket Income $462,300
Level 2 -- Attendance: 3702 (74.04%) -- Ticket Income $222,120
Level 3 -- Attendance: 2094 (69.80%) -- Ticket Income $73,290
Level 4 -- Attendance: 3657 (73.14%) -- Ticket Income $91,425
Luxury Box -- Attendance: 773 (77.30%) -- Ticket Income $154,600
Game was played at the Scotiabank Saddledome.
Total Attendance: 14849 (74.25%)
Total Ticket Income: $1,003,735
Other Income: $351,307
Total Income: $1,355,042
Winnipeg Jets
5 vs 5 Forward
Center Left Wing Right Wing Time % Phy DF OF
1 Nick Suzuki Alex DeBrincat Lucas Raymond 30 1 2 2
2 Matthew Beniers Barclay Goodrow Kaapo Kakko 30 1 2 2
3 Yegor Sharangovich Andrew Cogliano Joel Armia 25 1 2 2
4 Pius Suter Sam Steel Klim Kostin 15 1 2 2
5 vs 5 Defense
Defense Defense Time % Phy DF OF
1 Dante Fabbro Nathan Beaulieu 30 1 2 2
2 Dylan Samberg Jordan Harris 30 1 2 2
3 Calen Addison Ty Smith 25 1 2 2
4 Dante Fabbro Nathan Beaulieu 15 1 2 2
PowerPlay Forward
Center Left Wing Right Wing Time % Phy DF OF
1 Nick Suzuki Alex DeBrincat Lucas Raymond 50 1 2 2
2 Matthew Beniers Barclay Goodrow Kaapo Kakko 50 1 2 2
PowerPlay Defense
Defense Defense Time % Phy DF OF
1 Dante Fabbro Nathan Beaulieu 50 1 2 2
2 Dylan Samberg Jordan Harris 50 1 2 2
Penalty Kill 4 Players Forward
Center Wing Time % Phy DF OF
1 Nick Suzuki Alex DeBrincat 50 1 2 2
2 Lucas Raymond Matthew Beniers 50 1 2 2
Penalty Kill 4 Players Defense
Defense Defense Time % Phy DF OF
1 Dante Fabbro Nathan Beaulieu 50 1 2 2
2 Dylan Samberg Jordan Harris 50 1 2 2
Penalty Kill - 3 Players Forward
Forward Time % Phy DF OF
1 Nick Suzuki 50 1 2 2
2 Alex DeBrincat 50 1 2 2
Penalty Kill - 3 Players Defense
Defense Defense Time % Phy DF OF
1 Dante Fabbro Nathan Beaulieu 50 1 2 2
2 Dylan Samberg Jordan Harris 50 1 2 2
4 vs 4 Forward
Center Wing Time % Phy DF OF
1 Nick Suzuki Alex DeBrincat 50 1 2 2
2 Lucas Raymond Matthew Beniers 50 1 2 2
4 vs 4 Defense
Defense Defense Time % Phy DF OF
1 Dante Fabbro Nathan Beaulieu 50 1 2 2
2 Dylan Samberg Jordan Harris 50 1 2 2
Last Minutes Offensive
Center Left Wing Right Wing Defense Defense
Nick Suzuki Alex DeBrincat Lucas Raymond Dante Fabbro Nathan Beaulieu
Last Minutes Defensive
Center Left Wing Right Wing Defense Defense
Nick Suzuki Alex DeBrincat Lucas Raymond Dante Fabbro Nathan Beaulieu
Goaltenders
Starting : Ukko-Pekka Luukkonen
Backup : Pavel Francouz
Extra Forwards
Normal : Andrew Cogliano, Yegor Sharangovich, Joel Armia - PP : Andrew Cogliano, Yegor Sharangovich - PK : Joel Armia
Extra Defensemen
Normal : Calen Addison, Ty Smith, Dylan Samberg - PP : Calen Addison - PK : Ty Smith, Dylan Samberg
Penalty Shots
Nick Suzuki, Alex DeBrincat, Lucas Raymond, Matthew Beniers, Barclay Goodrow
Calgary Flames
5 vs 5 Forward
Center Left Wing Right Wing Time % Phy DF OF
1 J.T. Miller Matthew Tkachuk Valeri Nichushkin 31 1 2 2
2 Sebastian Aho Zach Hyman Joel Eriksson Ek 30 1 2 2
3 Logan Couture Rafael Harvey-Pinard Timo Meier 29 1 2 2
4 Nic Dowd Jacob Peterson Mathieu Joseph 10 1 2 2
5 vs 5 Defense
Defense Defense Time % Phy DF OF
1 Kris Letang Drew Doughty 35 1 2 2
2 Jeff Petry Rasmus Andersson 35 1 2 2
3 Michael Anderson Jeremy Lauzon 30 1 2 2
4 Kris Letang Drew Doughty 0 1 2 2
PowerPlay Forward
Center Left Wing Right Wing Time % Phy DF OF
1 J.T. Miller Matthew Tkachuk Valeri Nichushkin 50 0 0 5
2 Sebastian Aho Zach Hyman Timo Meier 50 0 0 5
PowerPlay Defense
Defense Defense Time % Phy DF OF
1 Kris Letang Drew Doughty 50 0 2 3
2 Jeff Petry Rasmus Andersson 50 0 2 3
Penalty Kill 4 Players Forward
Center Wing Time % Phy DF OF
1 Joel Eriksson Ek Rafael Harvey-Pinard 50 0 5 0
2 Nic Dowd Mathieu Joseph 50 0 5 0
Penalty Kill 4 Players Defense
Defense Defense Time % Phy DF OF
1 Kris Letang Drew Doughty 50 0 5 0
2 Jeff Petry Michael Anderson 50 0 5 0
Penalty Kill - 3 Players Forward
Forward Time % Phy DF OF
1 J.T. Miller 50 0 5 0
2 Sebastian Aho 50 0 5 0
Penalty Kill - 3 Players Defense
Defense Defense Time % Phy DF OF
1 Kris Letang Drew Doughty 50 0 5 0
2 Jeff Petry Michael Anderson 50 0 5 0
4 vs 4 Forward
Center Wing Time % Phy DF OF
1 J.T. Miller Matthew Tkachuk 50 1 2 2
2 Sebastian Aho Logan Couture 50 1 2 2
4 vs 4 Defense
Defense Defense Time % Phy DF OF
1 Kris Letang Drew Doughty 50 1 2 2
2 Jeff Petry Rasmus Andersson 50 1 2 2
Last Minutes Offensive
Center Left Wing Right Wing Defense Defense
J.T. Miller Matthew Tkachuk Sebastian Aho Kris Letang Drew Doughty
Last Minutes Defensive
Center Left Wing Right Wing Defense Defense
J.T. Miller Sebastian Aho Valeri Nichushkin Kris Letang Drew Doughty
Goaltenders
Starting : Samuel Montembeault
Backup : Ilya Sorokin
Extra Forwards
Normal : Nic Dowd, Joel Eriksson Ek, Mathieu Joseph - PP : Nic Dowd, Joel Eriksson Ek - PK : Mathieu Joseph
Extra Defensemen
Normal : Rasmus Andersson, Michael Anderson, Jeff Petry - PP : Rasmus Andersson - PK : Michael Anderson, Jeff Petry
Penalty Shots
J.T. Miller, Matthew Tkachuk, Sebastian Aho, Logan Couture, Joel Eriksson Ek
% Time on Ice - Winnipeg Jets
Lines # - Real PCT - Wanted PCT - Time Play
Normal Forward
1 - 25% - 30% - 9:15
2 - 29% - 30% - 10:56
3 - 26% - 25% - 9:32
4 - 20% - 15% - 7:32
Normal Defense
1 - 32% - 30% - 11:48
2 - 33% - 30% - 12:10
3 - 28% - 25% - 10:29
4 - 8% - 15% - 2:48
PP Forward
1 - 50% - 50% - 7:27
2 - 50% - 50% - 7:21
PP Defense
1 - 49% - 50% - 7:18
2 - 51% - 50% - 7:30
PK Forward
1 - 47% - 50% - 2:27
2 - 53% - 50% - 2:46
PK Defense
1 - 55% - 50% - 2:52
2 - 45% - 50% - 2:21
PK3 Forward
1 - 0% - 50%
2 - 0% - 50%
PK3 Defense
1 - 0% - 50%
2 - 0% - 50%
44 Forward
1 - 62% - 50% - 0:56
2 - 38% - 50% - 0:35
44 Defense
1 - 55% - 50% - 0:50
2 - 45% - 50% - 0:41
Last Minute Offensive - 0:00
Last Minute Defensive - 1:13
Total
Forward - 60:00
Defense - 60:00
|
% Time on Ice - Calgary Flames
Lines # - Real PCT - Wanted PCT - Time Play
Normal Forward
1 - 28% - 31% - 10:15
2 - 29% - 30% - 10:47
3 - 28% - 29% - 10:30
4 - 15% - 10% - 5:44
Normal Defense
1 - 35% - 35% - 13:07
2 - 37% - 35% - 13:41
3 - 28% - 30% - 10:28
4 - 0% - 0% - 0:00
PP Forward
1 - 53% - 50% - 2:45
2 - 47% - 50% - 2:28
PP Defense
1 - 50% - 50% - 2:38
2 - 50% - 50% - 2:35
PK Forward
1 - 47% - 50% - 7:00
2 - 53% - 50% - 7:48
PK Defense
1 - 49% - 50% - 7:11
2 - 51% - 50% - 7:37
PK3 Forward
1 - 0% - 50%
2 - 0% - 50%
PK3 Defense
1 - 0% - 50%
2 - 0% - 50%
44 Forward
1 - 55% - 50% - 0:50
2 - 45% - 50% - 0:41
44 Defense
1 - 52% - 50% - 0:47
2 - 48% - 50% - 0:44
Last Minute Offensive - 1:12
Last Minute Defensive - 0:00
Total
Forward - 60:00
Defense - 60:00
|
Play-by-Play
1st period
0:01 of 1st period - Nick Suzuki wins face-off versus J.T. Miller in neutral zone.
0:15 of 1st period - Matthew Tkachuk beats up Nick Suzuki.
0:15 of 1st period - Penalty to Matthew Tkachuk for Fighting.
0:15 of 1st period - Penalty to Nick Suzuki for Fighting.
0:16 of 1st period - Kaapo Kakko wins face-off versus Sebastian Aho in Calgary Flames zone.
0:17 of 1st period - Wrist shot by Matthew Beniers.
0:17 of 1st period - Shot Blocked by Rasmus Andersson.
0:19 of 1st period - Snap shot by Matthew Beniers.
0:19 of 1st period - Stopped by Samuel Montembeault with a rebound.
1:29 of 1st period - Off-side.
1:30 of 1st period - J.T. Miller wins face-off versus Yegor Sharangovich in neutral zone.
1:35 of 1st period - Wrist shot by J.T. Miller.
1:35 of 1st period - Shot Blocked by Alex DeBrincat.
1:43 of 1st period - Wrist shot by Valeri Nichushkin.
1:43 of 1st period - Shot Misses the Net.
1:45 of 1st period - Snap shot by J.T. Miller.
1:45 of 1st period - Stopped by Ukko-Pekka Luukkonen with a rebound.
2:11 of 1st period - Ty Smith is hit by Nic Dowd and loses puck.
2:24 of 1st period - Snap shot by Matthew Beniers.
2:24 of 1st period - Stopped by Samuel Montembeault without a rebound.
2:25 of 1st period - Logan Couture wins face-off versus Matthew Beniers in Calgary Flames zone.
2:32 of 1st period - Wrist shot by Timo Meier.
2:32 of 1st period - Shot Blocked by Dante Fabbro.
2:34 of 1st period - Backhand shot by Rafael Harvey-Pinard.
2:34 of 1st period - Stopped by Ukko-Pekka Luukkonen with a rebound.
3:28 of 1st period - Jordan Harris is hit by Nic Dowd.
3:52 of 1st period - Wrist shot by Timo Meier.
3:52 of 1st period - Shot Blocked by Matthew Beniers.
4:19 of 1st period - Wrist shot by Nic Dowd.
4:19 of 1st period - Shot Blocked by Barclay Goodrow.
4:33 of 1st period - Joel Eriksson Ek is hit by Calen Addison and loses puck.
4:59 of 1st period - Wrist shot by Alex DeBrincat.
4:59 of 1st period - Stopped by Samuel Montembeault without a rebound.
5:00 of 1st period - J.T. Miller wins face-off versus Joel Armia in Calgary Flames zone.
5:13 of 1st period - Snap shot by Lucas Raymond.
5:13 of 1st period - Shot Misses the Net.
5:30 of 1st period - Minor Penalty to Kris Letang for Roughing.
5:31 of 1st period - Joel Eriksson Ek wins face-off versus Nick Suzuki in Calgary Flames zone.
7:30 of 1st period - Penalty to Kris Letang is over, Kris Letang is back on ice.
7:40 of 1st period - Slapshot by Joel Armia.
7:40 of 1st period - Shot Blocked by J.T. Miller.
7:46 of 1st period - Snap shot by Valeri Nichushkin.
7:46 of 1st period - Stopped by Ukko-Pekka Luukkonen with a rebound.
8:04 of 1st period - Drew Doughty is hit by Sam Steel and loses puck.
9:02 of 1st period - Klim Kostin is hit by Logan Couture.
9:21 of 1st period - Sebastian Aho is hit by Matthew Beniers and loses puck.
10:32 of 1st period - Wrist shot by Jacob Peterson.
10:32 of 1st period - Shot Misses the Net.
10:34 of 1st period - Wrist shot by Nic Dowd.
10:34 of 1st period - Stopped by Ukko-Pekka Luukkonen without a rebound.
10:35 of 1st period - Nic Dowd wins face-off versus Matthew Beniers in Winnipeg Jets zone.
10:38 of 1st period - Snap shot by Mathieu Joseph.
10:38 of 1st period - Deflect By Jacob Peterson.
10:38 of 1st period - Shot Hit the Post.
10:38 of 1st period - Puck is out of play.
10:39 of 1st period - Matthew Beniers wins face-off versus Sebastian Aho in Winnipeg Jets zone.
10:52 of 1st period - Wrist shot by Joel Eriksson Ek.
10:52 of 1st period - Shot Blocked by Jordan Harris.
10:54 of 1st period - Slapshot by Rasmus Andersson.
10:54 of 1st period - Deflect By Sebastian Aho.
10:54 of 1st period - Goal by Sebastian Aho - Winnipeg Jets : 0 - Calgary Flames : 1.
10:55 of 1st period - Sebastian Aho wins face-off versus Matthew Beniers in neutral zone.
11:21 of 1st period - Jeff Petry is hit by Alex DeBrincat and loses puck.
11:28 of 1st period - Slapshot by Timo Meier.
11:28 of 1st period - Stopped by Ukko-Pekka Luukkonen without a rebound.
11:29 of 1st period - J.T. Miller wins face-off versus Yegor Sharangovich in Winnipeg Jets zone.
11:32 of 1st period - Snap shot by Valeri Nichushkin.
11:32 of 1st period - Shot Blocked by Dylan Samberg.
11:34 of 1st period - Slapshot by J.T. Miller.
11:34 of 1st period - Stopped by Ukko-Pekka Luukkonen with a rebound.
11:36 of 1st period - Slapshot by Kris Letang.
11:36 of 1st period - Stopped by Ukko-Pekka Luukkonen without a rebound.
11:37 of 1st period - Yegor Sharangovich wins face-off versus Matthew Tkachuk in Winnipeg Jets zone.
11:37 of 1st period - Yegor Sharangovich is hit by J.T. Miller.
11:45 of 1st period - Drew Doughty is hit by Dylan Samberg.
11:53 of 1st period - Snap shot by Matthew Tkachuk.
11:53 of 1st period - Shot Misses the Net.
11:58 of 1st period - Off-side.
11:59 of 1st period - Nick Suzuki wins face-off versus Sebastian Aho in neutral zone.
12:03 of 1st period - Minor Penalty to Joel Eriksson Ek for Hooking.
12:04 of 1st period - Nic Dowd wins face-off versus Matthew Beniers in Calgary Flames zone.
12:53 of 1st period - Icing by Dante Fabbro.
12:54 of 1st period - Nick Suzuki wins face-off versus Nic Dowd in Winnipeg Jets zone.
12:54 of 1st period - Nick Suzuki is hit by Drew Doughty.
13:17 of 1st period - Off-side.
13:18 of 1st period - Matthew Beniers wins face-off versus Sebastian Aho in neutral zone.
14:03 of 1st period - Penalty to Joel Eriksson Ek is over, Joel Eriksson Ek is back on ice.
14:34 of 1st period - Snap shot by Andrew Cogliano.
14:34 of 1st period - Stopped by Samuel Montembeault without a rebound.
14:35 of 1st period - Logan Couture wins face-off versus Nick Suzuki in Calgary Flames zone.
14:37 of 1st period - Minor Penalty to Drew Doughty for Hooking.
14:38 of 1st period - Nic Dowd wins face-off versus Matthew Beniers in Calgary Flames zone.
15:04 of 1st period - Nathan Beaulieu is hit by Jeff Petry and loses puck.
15:58 of 1st period - Rasmus Andersson is hit by Nathan Beaulieu and loses puck.
16:37 of 1st period - Penalty to Drew Doughty is over, Drew Doughty is back on ice.
16:52 of 1st period - Jeremy Lauzon is hit by Jordan Harris and loses puck.
18:00 of 1st period - Jeff Petry is hit by Klim Kostin and loses puck.
18:09 of 1st period - Pius Suter is hit by Matthew Tkachuk and loses puck.
18:39 of 1st period - Rafael Harvey-Pinard is hit by Alex DeBrincat and loses puck.
19:03 of 1st period - Michael Anderson is hit by Pius Suter and loses puck.
19:29 of 1st period - Minor Penalty to Barclay Goodrow for Holding.
19:30 of 1st period - J.T. Miller wins face-off versus Alex DeBrincat in Winnipeg Jets zone.
Goals for this period are 0 for Winnipeg Jets vs 1 for Calgary Flames.
Shots for this period are 4 for Winnipeg Jets vs 8 for Calgary Flames.
2nd period
0:01 of 2nd period - Sebastian Aho wins face-off versus Lucas Raymond in neutral zone.
0:04 of 2nd period - Jordan Harris is hit by Timo Meier and loses puck.
0:16 of 2nd period - Backhand shot by Timo Meier.
0:16 of 2nd period - Goal by Timo Meier - Winnipeg Jets : 0 - Calgary Flames : 2.
0:17 of 2nd period - Logan Couture wins face-off versus Nick Suzuki in neutral zone.
0:34 of 2nd period - Wrist shot by Alex DeBrincat.
0:34 of 2nd period - Stopped by Samuel Montembeault with a rebound.
0:40 of 2nd period - Minor Penalty to Logan Couture for Holding.
0:41 of 2nd period - Nick Suzuki wins face-off versus Nic Dowd in Calgary Flames zone.
0:52 of 2nd period - Snap shot by Alex DeBrincat.
0:52 of 2nd period - Stopped by Samuel Montembeault without a rebound.
0:53 of 2nd period - Barclay Goodrow wins face-off versus Joel Eriksson Ek in Calgary Flames zone.
0:56 of 2nd period - Wrist shot by Kaapo Kakko.
0:56 of 2nd period - Shot Misses the Net.
0:58 of 2nd period - Snap shot by Matthew Beniers.
0:58 of 2nd period - Shot Misses the Net.
1:00 of 2nd period - Slapshot by Kaapo Kakko.
1:00 of 2nd period - Shot Blocked by Michael Anderson.
1:02 of 2nd period - Slapshot by Jordan Harris.
1:02 of 2nd period - Deflect By Matthew Beniers.
1:02 of 2nd period - Stopped by Samuel Montembeault with a rebound.
1:04 of 2nd period - Slapshot by Matthew Beniers.
1:04 of 2nd period - Goal by Matthew Beniers - Winnipeg Jets : 1 - Calgary Flames : 2.
1:05 of 2nd period - Matthew Beniers wins face-off versus Sebastian Aho in neutral zone.
2:09 of 2nd period - Minor Penalty to J.T. Miller for Cross-checking.
2:10 of 2nd period - Nic Dowd wins face-off versus Nick Suzuki in Calgary Flames zone.
2:23 of 2nd period - Slapshot by Alex DeBrincat.
2:23 of 2nd period - Shot Blocked by Michael Anderson.
2:25 of 2nd period - Slapshot by Nathan Beaulieu.
2:25 of 2nd period - Goal by Nathan Beaulieu - Winnipeg Jets : 2 - Calgary Flames : 2.
2:26 of 2nd period - Barclay Goodrow wins face-off versus Sebastian Aho in neutral zone.
2:29 of 2nd period - Rasmus Andersson is hit by Kaapo Kakko and loses puck.
2:38 of 2nd period - Slapshot by Sebastian Aho.
2:38 of 2nd period - Stopped by Ukko-Pekka Luukkonen with a rebound.
2:40 of 2nd period - Slapshot by Joel Eriksson Ek.
2:40 of 2nd period - Shot Blocked by Barclay Goodrow.
2:42 of 2nd period - Slapshot by Jeff Petry.
2:42 of 2nd period - Stopped by Ukko-Pekka Luukkonen without a rebound.
2:43 of 2nd period - Logan Couture wins face-off versus Alex DeBrincat in Winnipeg Jets zone.
2:46 of 2nd period - Snap shot by Logan Couture.
2:46 of 2nd period - Stopped by Ukko-Pekka Luukkonen without a rebound.
2:47 of 2nd period - Logan Couture wins face-off versus Nick Suzuki in Winnipeg Jets zone.
2:47 of 2nd period - Logan Couture is hit by Lucas Raymond.
3:41 of 2nd period - Wrist shot by Kaapo Kakko.
3:41 of 2nd period - Goal by Kaapo Kakko - Winnipeg Jets : 3 - Calgary Flames : 2.
3:42 of 2nd period - Matthew Beniers wins face-off versus Logan Couture in neutral zone.
4:08 of 2nd period - Icing by Zach Hyman.
4:09 of 2nd period - Yegor Sharangovich wins face-off versus Sebastian Aho in Calgary Flames zone.
4:10 of 2nd period - Snap shot by Andrew Cogliano.
4:10 of 2nd period - Stopped by Samuel Montembeault without a rebound.
4:11 of 2nd period - Yegor Sharangovich wins face-off versus Joel Eriksson Ek in Calgary Flames zone.
4:37 of 2nd period - Minor Penalty to Sebastian Aho for Holding.
4:38 of 2nd period - Matthew Beniers wins face-off versus Nic Dowd in Calgary Flames zone.
4:39 of 2nd period - Snap shot by Kaapo Kakko.
4:39 of 2nd period - Deflect By Matthew Beniers.
4:39 of 2nd period - Shot Misses the Net.
4:39 of 2nd period - Puck is out of play.
4:40 of 2nd period - Nic Dowd wins face-off versus Matthew Beniers in Calgary Flames zone.
5:25 of 2nd period - Slapshot by Joel Eriksson Ek.
5:25 of 2nd period - Goal by Joel Eriksson Ek - Winnipeg Jets : 3 - Calgary Flames : 3.
5:26 of 2nd period - Nic Dowd wins face-off versus Matthew Beniers in neutral zone.
5:29 of 2nd period - Slapshot by Drew Doughty.
5:29 of 2nd period - Deflect By Kaapo Kakko.
5:29 of 2nd period - Stopped by Ukko-Pekka Luukkonen with a rebound.
5:57 of 2nd period - Icing by Nick Suzuki.
5:58 of 2nd period - Joel Eriksson Ek wins face-off versus Nick Suzuki in Winnipeg Jets zone.
6:23 of 2nd period - Slapshot by Alex DeBrincat.
6:23 of 2nd period - Goal by Alex DeBrincat - Winnipeg Jets : 4 - Calgary Flames : 3.
6:24 of 2nd period - J.T. Miller wins face-off versus Matthew Beniers in neutral zone.
6:29 of 2nd period - Jordan Harris is hit by Kris Letang and loses puck.
6:34 of 2nd period - Wrist shot by Matthew Tkachuk.
6:34 of 2nd period - Shot Misses the Net.
6:36 of 2nd period - Slapshot by Drew Doughty.
6:36 of 2nd period - Deflect By Matthew Beniers.
6:36 of 2nd period - Stopped by Ukko-Pekka Luukkonen with a rebound.
6:38 of 2nd period - Slapshot by Drew Doughty.
6:38 of 2nd period - Shot Blocked by Jordan Harris.
6:40 of 2nd period - Wrist shot by J.T. Miller.
6:40 of 2nd period - Stopped by Ukko-Pekka Luukkonen with a rebound.
7:34 of 2nd period - Off-side.
7:35 of 2nd period - Nick Suzuki wins face-off versus Rafael Harvey-Pinard in neutral zone.
8:33 of 2nd period - Slapshot by Timo Meier.
8:33 of 2nd period - Stopped by Ukko-Pekka Luukkonen without a rebound.
8:34 of 2nd period - J.T. Miller wins face-off versus Yegor Sharangovich in Winnipeg Jets zone.
8:41 of 2nd period - Snap shot by Valeri Nichushkin.
8:41 of 2nd period - Stopped by Ukko-Pekka Luukkonen with a rebound.
9:01 of 2nd period - Sam Steel is hit by Kris Letang and loses puck.
9:06 of 2nd period - Snap shot by Sebastian Aho.
9:06 of 2nd period - Shot Misses the Net.
9:08 of 2nd period - Slapshot by Jeff Petry.
9:08 of 2nd period - Stopped by Ukko-Pekka Luukkonen with a rebound.
9:10 of 2nd period - Backhand shot by Zach Hyman.
9:10 of 2nd period - Shot Misses the Net.
9:12 of 2nd period - Slapshot by Rasmus Andersson.
9:12 of 2nd period - Shot Blocked by Nathan Beaulieu.
9:34 of 2nd period - Barclay Goodrow is hit by Mathieu Joseph and loses puck.
9:45 of 2nd period - Snap shot by Matthew Tkachuk.
9:45 of 2nd period - Stopped by Ukko-Pekka Luukkonen without a rebound.
9:46 of 2nd period - J.T. Miller wins face-off versus Yegor Sharangovich in Winnipeg Jets zone.
9:57 of 2nd period - Wrist shot by J.T. Miller.
9:57 of 2nd period - Shot Blocked by Dylan Samberg.
9:59 of 2nd period - Slapshot by Jeremy Lauzon.
9:59 of 2nd period - Stopped by Ukko-Pekka Luukkonen with a rebound.
10:01 of 2nd period - Slapshot by Michael Anderson.
10:01 of 2nd period - Stopped by Ukko-Pekka Luukkonen with a rebound.
10:45 of 2nd period - Snap shot by Alex DeBrincat.
10:45 of 2nd period - Stopped by Samuel Montembeault with a rebound.
12:13 of 2nd period - Wrist shot by Barclay Goodrow.
12:13 of 2nd period - Shot Blocked by Michael Anderson.
12:22 of 2nd period - Icing by Barclay Goodrow.
12:23 of 2nd period - Pius Suter wins face-off versus J.T. Miller in Winnipeg Jets zone.
12:33 of 2nd period - Snap shot by Pius Suter.
12:33 of 2nd period - Stopped by Samuel Montembeault without a rebound.
12:34 of 2nd period - J.T. Miller wins face-off versus Nick Suzuki in Calgary Flames zone.
12:36 of 2nd period - Minor Penalty to Matthew Tkachuk for Interference.
12:37 of 2nd period - Matthew Beniers wins face-off versus Joel Eriksson Ek in Calgary Flames zone.
12:43 of 2nd period - Snap shot by Kaapo Kakko.
12:43 of 2nd period - Shot Misses the Net.
12:59 of 2nd period - Snap shot by Mathieu Joseph.
12:59 of 2nd period - Stopped by Ukko-Pekka Luukkonen with a rebound.
13:01 of 2nd period - Snap shot by Nic Dowd.
13:01 of 2nd period - Stopped by Ukko-Pekka Luukkonen with a rebound.
13:03 of 2nd period - Slapshot by Kris Letang.
13:03 of 2nd period - Stopped by Ukko-Pekka Luukkonen with a rebound.
14:34 of 2nd period - Rafael Harvey-Pinard is hit by Matthew Beniers and loses puck.
14:36 of 2nd period - Penalty to Matthew Tkachuk is over, Matthew Tkachuk is back on ice.
14:49 of 2nd period - Wrist shot by Pius Suter.
14:49 of 2nd period - Shot Misses the Net.
14:51 of 2nd period - Slapshot by Pius Suter.
14:51 of 2nd period - Deflect By Klim Kostin.
14:51 of 2nd period - Stopped by Samuel Montembeault without a rebound.
14:52 of 2nd period - J.T. Miller wins face-off versus Pius Suter in Calgary Flames zone.
15:02 of 2nd period - Icing by Calen Addison.
15:03 of 2nd period - J.T. Miller wins face-off versus Pius Suter in Winnipeg Jets zone.
15:26 of 2nd period - Calen Addison is hit by Mathieu Joseph and loses puck.
16:13 of 2nd period - Snap shot by Joel Armia.
16:13 of 2nd period - Stopped by Samuel Montembeault with a rebound.
16:19 of 2nd period - Nathan Beaulieu is hit by Joel Eriksson Ek and loses puck.
16:50 of 2nd period - Wrist shot by Sebastian Aho.
16:50 of 2nd period - Stopped by Ukko-Pekka Luukkonen with a rebound.
17:20 of 2nd period - Snap shot by Yegor Sharangovich.
17:20 of 2nd period - Stopped by Samuel Montembeault without a rebound.
17:21 of 2nd period - Matthew Beniers wins face-off versus Logan Couture in Calgary Flames zone.
17:28 of 2nd period - Snap shot by Kaapo Kakko.
17:28 of 2nd period - Stopped by Samuel Montembeault with a rebound.
17:55 of 2nd period - Snap shot by J.T. Miller.
17:55 of 2nd period - Stopped by Ukko-Pekka Luukkonen with a rebound.
17:57 of 2nd period - Backhand shot by J.T. Miller.
17:57 of 2nd period - Shot Blocked by Jordan Harris.
18:48 of 2nd period - Snap shot by Logan Couture.
18:48 of 2nd period - Deflect By Timo Meier.
18:48 of 2nd period - Shot Blocked by Dylan Samberg.
18:48 of 2nd period - Puck is out of play.
18:49 of 2nd period - Pius Suter wins face-off versus J.T. Miller in Winnipeg Jets zone.
18:56 of 2nd period - Wrist shot by Sam Steel.
18:56 of 2nd period - Shot Blocked by Jeff Petry.
19:16 of 2nd period - Wrist shot by Mathieu Joseph.
19:16 of 2nd period - Stopped by Ukko-Pekka Luukkonen without a rebound.
19:17 of 2nd period - Nic Dowd wins face-off versus Lucas Raymond in Winnipeg Jets zone.
19:33 of 2nd period - Minor Penalty to Nic Dowd for High sticking.
19:34 of 2nd period - Matthew Beniers wins face-off versus Sebastian Aho in Calgary Flames zone.
Goals for this period are 4 for Winnipeg Jets vs 2 for Calgary Flames.
Shots for this period are 14 for Winnipeg Jets vs 20 for Calgary Flames.
3rd period
0:01 of 3rd period - Joel Eriksson Ek wins face-off versus Nick Suzuki in neutral zone.
1:04 of 3rd period - Icing by Barclay Goodrow.
1:05 of 3rd period - Joel Eriksson Ek wins face-off versus Matthew Beniers in Winnipeg Jets zone.
1:33 of 3rd period - Penalty to Nic Dowd is over, Nic Dowd is back on ice.
2:08 of 3rd period - Minor Penalty to Andrew Cogliano for Slashing.
2:09 of 3rd period - Nick Suzuki wins face-off versus Sebastian Aho in Winnipeg Jets zone.
2:36 of 3rd period - Minor Penalty to Matthew Tkachuk for High sticking.
2:37 of 3rd period - J.T. Miller wins face-off versus Nick Suzuki in Calgary Flames zone.
3:26 of 3rd period - Slapshot by Lucas Raymond.
3:26 of 3rd period - Deflect By J.T. Miller.
3:26 of 3rd period - Stopped by Samuel Montembeault without a rebound.
3:27 of 3rd period - J.T. Miller wins face-off versus Lucas Raymond in Calgary Flames zone.
3:27 of 3rd period - J.T. Miller is hit by Jordan Harris.
3:37 of 3rd period - Slapshot by Kris Letang.
3:37 of 3rd period - Shot Blocked by Jordan Harris.
3:39 of 3rd period - Wrist shot by J.T. Miller.
3:39 of 3rd period - Shot Misses the Net.
4:07 of 3rd period - Icing by Dylan Samberg.
4:08 of 3rd period - Penalty to Andrew Cogliano is over, Andrew Cogliano is back on ice.
4:08 of 3rd period - Nic Dowd wins face-off versus Nick Suzuki in Winnipeg Jets zone.
4:33 of 3rd period - Wrist shot by Nick Suzuki.
4:33 of 3rd period - Stopped by Samuel Montembeault with a rebound.
4:35 of 3rd period - Slapshot by Dylan Samberg.
4:35 of 3rd period - Goal by Dylan Samberg - Winnipeg Jets : 5 - Calgary Flames : 3.
4:36 of 3rd period - Logan Couture wins face-off versus Matthew Beniers in neutral zone.
5:23 of 3rd period - Slapshot by Sebastian Aho.
5:23 of 3rd period - Stopped by Ukko-Pekka Luukkonen with a rebound.
6:24 of 3rd period - Minor Penalty to Jordan Harris for Hooking.
6:25 of 3rd period - J.T. Miller wins face-off versus Nick Suzuki in Winnipeg Jets zone.
8:24 of 3rd period - Penalty to Jordan Harris is over, Jordan Harris is back on ice.
8:42 of 3rd period - Jeremy Lauzon is hit by Jordan Harris and loses puck.
8:58 of 3rd period - Minor Penalty to Mathieu Joseph for Hooking.
8:59 of 3rd period - Joel Eriksson Ek wins face-off versus Matthew Beniers in Calgary Flames zone.
9:15 of 3rd period - Slapshot by Jeff Petry.
9:15 of 3rd period - Shot Misses the Net.
9:35 of 3rd period - Slapshot by Kaapo Kakko.
9:35 of 3rd period - Shot Blocked by Drew Doughty.
10:58 of 3rd period - Penalty to Mathieu Joseph is over, Mathieu Joseph is back on ice.
11:21 of 3rd period - Snap shot by Valeri Nichushkin.
11:21 of 3rd period - Shot Misses the Net.
11:54 of 3rd period - Minor Penalty to Yegor Sharangovich for Tripping.
11:55 of 3rd period - Nick Suzuki wins face-off versus Valeri Nichushkin in Winnipeg Jets zone.
12:33 of 3rd period - Jordan Harris is hit by Zach Hyman.
12:43 of 3rd period - Kris Letang is hit by Alex DeBrincat and loses puck.
13:54 of 3rd period - Penalty to Yegor Sharangovich is over, Yegor Sharangovich is back on ice.
14:06 of 3rd period - Snap shot by Mathieu Joseph.
14:06 of 3rd period - Shot Hit the Post.
14:08 of 3rd period - Wrist shot by Mathieu Joseph.
14:08 of 3rd period - Shot Blocked by Dante Fabbro.
14:10 of 3rd period - Slapshot by Nic Dowd.
14:10 of 3rd period - Shot Blocked by Nathan Beaulieu.
14:12 of 3rd period - Slapshot by Mathieu Joseph.
14:12 of 3rd period - Stopped by Ukko-Pekka Luukkonen without a rebound.
14:13 of 3rd period - Matthew Beniers wins face-off versus Nic Dowd in Winnipeg Jets zone.
14:41 of 3rd period - Ty Smith is hit by Kris Letang and loses puck.
15:02 of 3rd period - Valeri Nichushkin is hit by Nick Suzuki and loses puck.
15:13 of 3rd period - Wrist shot by Alex DeBrincat.
15:13 of 3rd period - Stopped by Samuel Montembeault with a rebound.
15:25 of 3rd period - Slapshot by Sebastian Aho.
15:25 of 3rd period - Stopped by Ukko-Pekka Luukkonen with a rebound.
15:33 of 3rd period - Kris Letang is hit by Klim Kostin and loses puck.
15:46 of 3rd period - Slapshot by Drew Doughty.
15:46 of 3rd period - Stopped by Ukko-Pekka Luukkonen without a rebound.
15:47 of 3rd period - Logan Couture wins face-off versus Kaapo Kakko in Winnipeg Jets zone.
16:20 of 3rd period - Wrist shot by J.T. Miller.
16:20 of 3rd period - Shot Misses the Net.
16:22 of 3rd period - Slapshot by Rasmus Andersson.
16:22 of 3rd period - Shot Misses the Net.
16:29 of 3rd period - Icing by Barclay Goodrow.
16:30 of 3rd period - Matthew Beniers wins face-off versus Nic Dowd in Winnipeg Jets zone.
16:36 of 3rd period - Off-side.
16:37 of 3rd period - Logan Couture wins face-off versus Joel Armia in neutral zone.
16:42 of 3rd period - Snap shot by Logan Couture.
16:42 of 3rd period - Stopped by Ukko-Pekka Luukkonen with a rebound.
16:44 of 3rd period - Slapshot by Jeff Petry.
16:44 of 3rd period - Stopped by Ukko-Pekka Luukkonen with a rebound.
16:50 of 3rd period - Slapshot by Logan Couture.
16:50 of 3rd period - Stopped by Ukko-Pekka Luukkonen with a rebound.
16:52 of 3rd period - Snap shot by Logan Couture.
16:52 of 3rd period - Stopped by Ukko-Pekka Luukkonen without a rebound.
16:53 of 3rd period - Pius Suter wins face-off versus Logan Couture in Winnipeg Jets zone.
17:02 of 3rd period - Wrist shot by Logan Couture.
17:02 of 3rd period - Stopped by Ukko-Pekka Luukkonen without a rebound.
17:03 of 3rd period - Pius Suter wins face-off versus Logan Couture in Winnipeg Jets zone.
17:24 of 3rd period - Wrist shot by Timo Meier.
17:24 of 3rd period - Stopped by Ukko-Pekka Luukkonen with a rebound.
17:26 of 3rd period - Snap shot by Timo Meier.
17:26 of 3rd period - Goal by Timo Meier - Winnipeg Jets : 5 - Calgary Flames : 4.
17:27 of 3rd period - Logan Couture wins face-off versus Yegor Sharangovich in neutral zone.
17:40 of 3rd period - Snap shot by Joel Armia.
17:40 of 3rd period - Stopped by Samuel Montembeault with a rebound.
17:42 of 3rd period - Snap shot by Joel Armia.
17:42 of 3rd period - Deflect By Drew Doughty.
17:42 of 3rd period - Shot Misses the Net.
17:42 of 3rd period - Puck is out of play.
17:43 of 3rd period - Pius Suter wins face-off versus Nic Dowd in Calgary Flames zone.
18:32 of 3rd period - Michael Anderson is hit by Jordan Harris and loses puck.
18:37 of 3rd period - Snap shot by Alex DeBrincat.
18:37 of 3rd period - Shot Misses the Net.
18:39 of 3rd period - Slapshot by Ty Smith.
18:39 of 3rd period - Shot Misses the Net.
18:41 of 3rd period - Snap shot by Nick Suzuki.
18:41 of 3rd period - Stopped by Samuel Montembeault with a rebound.
18:43 of 3rd period - Snap shot by Nick Suzuki.
18:43 of 3rd period - Shot Misses the Net.
18:53 of 3rd period - Calen Addison is hit by Jeremy Lauzon and loses puck.
19:08 of 3rd period - Calgary Flames, Samuel Montembeault is pulled from the net.
19:20 of 3rd period - Alex DeBrincat is hit by Matthew Tkachuk and loses puck.
Goals for this period are 1 for Winnipeg Jets vs 1 for Calgary Flames.
Shots for this period are 6 for Winnipeg Jets vs 11 for Calgary Flames.
Back to the Top